 Dungeon Crawl Stone Soup version 0.18-a0-1685-g4482fe3 (webtiles) character file.

8713 ololoev the Nimble (level 11, 0/49 HPs)
             Began as a Spriggan Gladiator on Apr 4, 2016.
             Was an Elder of Okawaru.
             Slain by an ogre
             ... wielding a +0 giant club
              (31 damage)
             ... on level 10 of the Dungeon.
             The game lasted 00:52:16 (12968 turns).

ololoev the Nimble (Spriggan Gladiator)            Turns: 12968, Time: 00:52:17

Health: 0/49       AC:  3    Str: 14    XL:     11   Next: 13%
Magic:  18/18      EV: 31    Int: 10    God:    Okawaru [****..]
Gold:   460        SH:  0    Dex: 17    Spells: 1 memorised, 17 levels left

rFire  . . .     SeeInvis +     b - +1 dagger (venom)
rCold  . . .     Gourm    .     h - +0 robe
rNeg   + . .     Faith    .     (shield restricted)
rPois  .         Spirit   .     c - +0 hat
rElec  .         Dismiss  .     s - +0 cloak
rCorr  .         Reflect  .     (gloves unavailable)
SustAt .         Harm     .     (boots unavailable)
MR     +....                    P - amulet of magic regeneration
Stlth  ++........               H - +3 ring of evasion
                                p - ring of positive energy (curse)

@: very quick, somewhat resistant to hostile enchantments, unstealthy
A: unfitting armour, see invisible, herbivore 3, speed 3, slow metabolism 2
a: Heroism, Renounce Religion


Innate Abilities, Weirdness & Mutations

You are tiny and cannot use many weapons and most armour.
You have supernaturally acute eyesight.
You are a herbivore.
You cover ground extremely quickly.
You need consume almost no food.

Inventory:

Hand Weapons
 a - a +4 quarterstaff of chaos
 b - a +1 dagger of venom (weapon)
 l - a +0 blowgun
Missiles
 d - 6 throwing nets (quivered)
 q - 28 poisoned needles
Armour
 c - a +0 hat (worn)
 h - a +0 robe (worn)
 s - a +0 cloak (worn)
Jewellery
 g - an uncursed ring of wizardry
 p - a cursed ring of positive energy (left hand)
 G - an uncursed ring of protection from fire
 H - a +3 ring of evasion (right hand)
 P - an amulet of magic regeneration (around neck)
Wands
 y - a wand of flame (12/48)
 z - a wand of flame (33/48)
 J - a wand of paralysis (1/24)
 M - a wand of digging (13/24)
 N - a wand of flame (15/48)
 R - a wand of iceblast (9/15)
Scrolls
 m - 3 scrolls of teleportation
 n - a scroll of blinking {unknown}
 v - 2 scrolls of fog
 w - 2 scrolls of recharging {unknown}
 A - a scroll of enchant weapon
 D - 2 scrolls of remove curse
 F - a scroll of immolation {unknown}
 I - a scroll of enchant armour
 K - a scroll of random uselessness {unknown}
 L - a scroll of acquirement {unknown}
 Q - a scroll of fear {unknown}
Potions
 e - 3 potions of lignification {unknown}
 j - 3 potions of might {unknown}
 k - 5 potions of brilliance
 o - 4 potions of heal wounds
 r - a potion of cure mutation {unknown}
 u - 6 potions of curing
 x - 7 potions of flight
 B - a potion of berserk rage {unknown}
 C - 2 potions of haste
 E - 2 potions of magic {unknown}
 O - a potion of ambrosia
Comestibles
 f - 7 bread rations
 i - 10 fruits


   Skills:
 - Level 1.5 Fighting
 * Level 10.0 Staves
 - Level 2.0 Throwing
 + Level 12.6 Dodging
 - Level 4.6 Spellcasting
 - Level 4.0 Poison Magic
 + Level 5.8 Invocations


You had 17 spell levels left.
You knew the following spells:

 Your Spells              Type           Power        Failure   Level  Hunger
a - Cure Poison           Pois           ##........   10%         2    ##.....


You were on level 10 of the Dungeon.
You worshipped Okawaru.
Okawaru was greatly pleased with you.
You were full.

You visited 2 branches of the dungeon, and saw 11 of its levels.
You also visited: Sewer and Ossuary.

You collected 933 gold pieces.
You spent 473 gold pieces at shops.

# #.............# #.#
####..#..###.###.###.# ##########
.............# #.....###.........
###.#.....##.# #.<....##.#######.
.........###.# #.#.##.##.# #.....
###.#.#.## #.# #.#.##.##.# #.###.
....#.#.####.# #.#.##.##.###.###.
#####........# #O#.##.##.........
###'###### #@#.##.####.#.###.
##...## #......# #.#.# #.
##.....## ###.#### #.#.###.
##.......## #.....# #.#.....
###.........####.###.#####.###..^
..'.........'....# #.............
###.........####.###(#########...
##.......## #....(# ##.#
##.....## #####.# #.#

Notes
Turn   | Place    | Note
--------------------------------------------------------------
     0 | D:1      | ololoev the Spriggan Gladiator began the quest for the Orb.
     0 | D:1      | Reached XP level 1. HP: 10/10 MP: 2/2
   206 | D:1      | Reached XP level 2. HP: 9/14 MP: 3/3
   472 | D:1      | Reached skill level 5 in Dodging
  1146 | D:2      | Reached XP level 3. HP: 11/18 MP: 4/4
  1277 | D:2      | Noticed Crazy Yiuf
  1292 | D:2      | Killed Crazy Yiuf
  1541 | D:2      | Reached XP level 4. HP: 17/22 MP: 5/5
  2327 | D:3      | Noticed crauler's ghost (amateur NaGl)
  2329 | D:3      | ololoev: ах ты краулер
  2329 | D:3      | ololoev: гостов наделал
  2364 | D:3      | crauler: лол
  2412 | D:3      | crauler: у меня самого багратион произошел
  2422 | D:3      | Found a sacrificial altar of Ru.
  2437 | D:3      | Reached XP level 5. HP: 25/25 MP: 6/6
  2438 | D:3      | crauler: такую нагу нейм в хуй задрейнил
  2439 | D:3      | ololoev: лол
  2466 | D:3      | Reached skill level 6 in Dodging
  2479 | D:3      | Found a radiant altar of Vehumet.
  2615 | D:3      | Found a snail-covered altar of Cheibriados.
  2617 | D:3      | Found a basalt altar of Yredelemnul.
  2617 | D:3      | Found an opulent altar of Gozag.
  2845 | D:3      | Found a shattered altar of Ashenzari.
  3124 | D:4      | ololoev: аааа
  3124 | D:4      | ololoev: рашинг вотер фловинг сэнд!!
  3177 | D:4      | Found a staircase to the Ecumenical Temple.
  3186 | Temple   | Entered the Ecumenical Temple
  3266 | D:4      | Noticed an ogre
  3276 | D:4      | crauler: проосто добежал бы до оссуария
  3303 | D:4      | Reached XP level 6. HP: 28/30 MP: 7/7
  3317 | D:4      | Found a glowing drain.
  3321 | Sewer    | Entered a sewer
  3606 | Sewer    | namelastname112: теперь найди лыжу
  3622 | Sewer    | crauler: пока только йиффоф стафф
  3670 | Sewer    | namelastname112: кому молиться будешь?
  3685 | Sewer    | ololoev: оке
  3685 | Sewer    | ololoev: армор надо
  3932 | D:4      | ololoev: нахрен этот крысятник, я так оссуарий пропущу
  3932 | D:4      | ololoev: блоуган главное нашел
  3961 | D:4      | Found a sand-covered staircase.
  3967 | Ossuary  | Entered an ossuary
  3969 | Ossuary  | ololoev: черт
  3969 | Ossuary  | ololoev: тут будет жестко
  3990 | Ossuary  | namelastname112: там наверху коридорчик же
  4013 | Ossuary  | crauler: прорывайся вперед
  4039 | Ossuary  | Goblin1989: Всем приветы
  4039 | Ossuary  | Goblin1989: Тайл какой-то странный
  4039 | Ossuary  | ololoev: ya
  4039 | Ossuary  | crauler: агнес
  4039 | Ossuary  | namelastname112: это агнес
  4039 | Ossuary  | ololoev: eto agnes
  4039 | Ossuary  | crauler: лол
  4039 | Ossuary  | Goblin1989: понял
  4057 | Ossuary  | Goblin1989: тут в пятницу ермак экспериммент проводил
  4085 | Ossuary  | namelastname112: какой?
  4096 | Ossuary  | Goblin1989: хотел spas взять слаймовскую руну на 2-м уровне
  4106 | Ossuary  | Reached skill level 7 in Dodging
  4110 | Ossuary  | Goblin1989: помер в лэйере
  4119 | Ossuary  | namelastname112: поехавший
  4122 | Ossuary  | crauler: а вскрывать как?
  4140 | Ossuary  | Goblin1989: джива
  4154 | Ossuary  | Reached skill level 5 in Staves
  4275 | Ossuary  | Goblin1989: хотел скормить ей много хлама
  4378 | Ossuary  | Goblin1989: ну идея-то стоящая
  4378 | Ossuary  | crauler: мини томба
  4384 | Ossuary  | namelastname112: если бы у него алтарь перед входом в слаймы не заспавнился
  4389 | Ossuary  | namelastname112: то он бы гарантированно соснул
  4426 | D:4      | namelastname112: в него блоб харкнет разок
  4457 | D:4      | namelastname112: и пиздец
  4457 | D:4      | Goblin1989: ну, это все на удачу
  4474 | D:4      | Goblin1989: а мне вот кажется у него получится
  4484 | D:4      | Reached XP level 7. HP: 33/33 MP: 8/8
  4498 | D:4      | Learned a level 2 spell: Cure Poison
  4500 | D:4      | crauler: в подобной хуйне без удачи никак
  4523 | D:4      | Goblin1989: он по ассассинам убивается
  4760 | D:4      | ololoev: некронатикон!
  5347 | D:5      | Entered Level 5 of the Dungeon
  5433 | D:5      | Reached skill level 8 in Dodging
  5462 | D:5      | crauler: пойду еще один сюрприз кому сделаю
  5610 | D:5      | crauler: главное до констрикта дожить
  5748 | D:5      | namelastname112: призраки наг не констриктят
  5880 | D:5      | Found Unooluh's Distillery.
  5888 | D:5      | Bought a potion of haste for 110 gold pieces
  5888 | D:5      | Bought a potion of curing for 33 gold pieces
  5888 | D:5      | Bought 2 potions of heal wounds for 110 gold pieces
  5888 | D:5      | Bought a potion of invisibility for 88 gold pieces
  5888 | D:5      | Bought a potion of agility for 44 gold pieces
  5888 | D:5      | crauler: я об этом подумал потом, но не для них так для меня главное до констрикта дожить
  5888 | D:5      | Bought a potion of heal wounds for 55 gold pieces
  5888 | D:5      | Bought a potion of curing for 33 gold pieces
  5918 | D:5      | namelastname112: давай трансмутером
  5946 | D:5      | Noticed Prince Ribbit
  5949 | D:5      | ololoev: черт
  5949 | D:5      | ololoev: лягуха
  5949 | D:5      | ololoev: не прощает
  5949 | D:5      | ololoev: мне крышка
  5967 | D:5      | namelastname112: ванды есть?
  5968 | D:5      | ololoev: флейм, эксид
  6001 | D:5      | namelastname112: ну ебани его кислотой
  6003 | D:5      | ololoev: промажет инфа 94%
  6026 | D:5      | ololoev: ну еманарот!
  6034 | D:5      | Reached XP level 8. HP: 37/37 MP: 9/9
  6052 | D:5      | namelastname112: свалил
  6052 | D:5      | ololoev: иди сюда жабный чорт!
  6057 | D:5      | Killed Prince Ribbit
  6057 | D:5      | Reached skill level 9 in Dodging
  6058 | D:5      | crauler: дотравится может?
  6062 | D:5      | crauler: во
  6062 | D:5      | ololoev: ахаха
  6062 | D:5      | ololoev: ололоев не прощает!
  6062 | D:5      | ololoev: :-]
  6101 | D:5      | Found a shimmering altar of Xom.
  6274 | D:5      | crauler: Xom?
  6276 | D:5      | crauler: вызывали?
  6510 | D:5      | Found a deep blue altar of Sif Muna.
  6726 | D:6      | Noticed Edmund
  6739 | D:6      | Killed Edmund
  7386 | D:7      | Reached skill level 10 in Dodging
  7413 | D:7      | Found an iron altar of Okawaru.
  7428 | D:7      | Became a worshipper of Warmaster Okawaru
  7658 | D:7      | Reached skill level 1 in Invocations
  7658 | D:7      | Reached XP level 9. HP: 28/41 MP: 10/10
  7709 | D:7      | Reached * piety under Okawaru
  7914 | D:7      | Found a glowing silver altar of Zin.
  7914 | D:7      | Found a runed door.
  7914 | D:7      | Noticed an angel
  8041 | D:7      | Found a deep blue altar of Sif Muna.
  8471 | D:8      | Found a burning altar of Makhleb.
  8573 | D:8      | Found an oddly glowing altar of Pakellas.
  8573 | D:8      | Noticed an ice dragon
  8605 | D:8      | Killed an ice dragon
  8663 | D:8      | Reached skill level 1 in Poison Magic
  8731 | D:8      | Reached skill level 1 in Spellcasting
  8782 | D:8      | crauler: -3 вип
  8795 | D:8      | crauler: без ремува
  8813 | D:8      | crauler: я заплюю всех
  9389 | D:8      | Found a bloodstained altar of Trog.
  9389 | D:8      | Found a glowing silver altar of Zin.
  9512 | D:8      | Reached skill level 11 in Dodging
  9633 | D:8      | Reached ** piety under Okawaru
  9957 | D:9      | Noticed bl4d3's ghost (novice DsAK)
 10263 | D:9      | Killed bl4d3's ghost
 10263 | D:9      | Reached *** piety under Okawaru
 10263 | D:9      | Reached XP level 10. HP: 44/46 MP: 15/15
 10960 | D:9      | Noticed Erica
 11026 | D:9      | Killed Erica
 11458 | D:9      | Reached skill level 12 in Dodging
 11485 | D:9      | Reached skill level 5 in Invocations
 11488 | D:9      | Reached **** piety under Okawaru
 11675 | D:9      | Found a staircase to the Orcish Mines.
 11790 | D:10     | Entered Level 10 of the Dungeon
 11970 | D:10     | Noticed Harold
 12003 | D:10     | Killed Harold
 12163 | D:10     | crauler: я чет не пойму. за которую нагу табаю спокойно скай бистов
 12168 | D:10     | Reached XP level 11. HP: 49/49 MP: 18/18
 12208 | D:10     | crauler: шок не прокает если урон равен 0?
 12868 | D:10     | Noticed a hill giant
 12924 | D:10     | Killed a hill giant
 12924 | D:10     | Reached skill level 10 in Staves
 12968 | D:10     | Slain by an ogre

Dungeon Overview and Level Annotations

Branches:
Dungeon (10/15)            Temple (1/1) D:4             Orc (0/2) D:9
   Lair: D:8-11

Altars:
Ashenzari
Cheibriados
Dithmenos
Elyvilon
Fedhas
Gozag
Kikubaaqudgha
Makhleb
Nemelex Xobeh
Okawaru
Pakellas
Qazlal
Ru
Sif Muna
Trog
Vehumet
Xom
Yredelemnul
Zin
The Shining One

Shops:
D:5 !

Annotations:
D:3 crauler's ghost, amateur NaGl
D:7 1 runed door


Message History

Aim: a hill giant, wielding a giant spiked club (severely wounded, poisoned)
You shoot a poisoned needle.
The poisoned needle hits the hill giant!
The hill giant is severely wounded.
Firing (i - inventory. (,) - cycle):
q - 20 poisoned needles (quivered)
Press: ? - help, Shift-Dir - straight line, f/p - hill giant
Aim: a hill giant, wielding a giant spiked club (severely wounded, poisoned)
You shoot a poisoned needle.
The poisoned needle hits the hill giant!
The hill giant is severely wounded.
Firing (i - inventory. (,) - cycle):
q - 19 poisoned needles (quivered)
Press: ? - help, Shift-Dir - straight line, f/p - hill giant
Aim: a hill giant, wielding a giant spiked club (severely wounded, poisoned)
You shoot a poisoned needle.
The poisoned needle hits the hill giant.
The hill giant is severely wounded.
Firing (i - inventory. (,) - cycle):
q - 18 poisoned needles (quivered)
Press: ? - help, Shift-Dir - straight line, f/p - hill giant
Aim: a hill giant, wielding a giant spiked club (severely wounded, poisoned)
You shoot a poisoned needle.
The poisoned needle hits the hill giant!
The hill giant is severely wounded.
Firing (i - inventory. (,) - cycle):
q - 17 poisoned needles (quivered)
Press: ? - help, Shift-Dir - straight line, f/p - hill giant
Aim: a hill giant, wielding a giant spiked club (almost dead, poisoned)
You shoot a poisoned needle.
The poisoned needle barely misses the hill giant.
Firing (i - inventory. (,) - cycle):
q - 16 poisoned needles (quivered)
Press: ? - help, Shift-Dir - straight line, f/p - hill giant
Aim: a hill giant, wielding a giant spiked club (almost dead, poisoned)
You shoot a poisoned needle.
The poisoned needle hits the hill giant!
The hill giant is almost dead.
You feel like a meek peon again.
It is briefly surrounded by a scintillating aura of random colours.
a - a +4 quarterstaff of chaos (weapon)
You hit the hill giant.
The hill giant is almost dead.
You kill the hill giant!
Okawaru is honoured by your kill.
Your Staves skill increases to level 10!
Things that are here:
a giant spiked club; a hill giant corpse
q - 16 poisoned needles (gained 1)
q - 19 poisoned needles (gained 3)
q - 21 poisoned needles (gained 2)
There is an open door here.
q - 23 poisoned needles (gained 2)
q - 25 poisoned needles (gained 2)
q - 27 poisoned needles (gained 2)
There is an open door here.
q - 28 poisoned needles (gained 1) It begins to drip with poison!
b - a +1 dagger of venom (weapon)
No target in view!
The ogre shouts!
You barely miss the ogre. The ogre completely misses you.
You hit the ogre but do no damage.
The ogre is poisoned.
The ogre hits you with a giant club!!
You hit the ogre.
The ogre is lightly wounded.
The ogre misses you.
You hit the ogre but do no damage.
The ogre looks even sicker.
The ogre is lightly wounded.
You hit the ogre.
The ogre looks even sicker.
The ogre is moderately wounded.
The ogre completely misses you.
You closely miss the ogre.
The ogre is moderately wounded.
The ogre closely misses you.
You closely miss the ogre.
The ogre is heavily wounded.
The ogre completely misses you.
You closely miss the ogre.
The ogre is heavily wounded.
You completely miss the ogre.
The ogre is severely wounded.
The ogre hits you with a giant club!!
Ouch! That really hurt!
You die...

You could see an ogre.

Vanquished Creatures
  Harold (D:10)
  Erica (D:9)
  The ghost of bl4d3 the Carver, a novice DsAK of Lugonu (D:9)
  A hill giant (D:10)
  A two-headed ogre (D:10)
  Prince Ribbit (D:5)
  A spriggan (D:7)
  4 yaks (D:9)
  3 hippogriffs
  2 hungry ghosts
  Edmund (D:6)
  A warg (D:9)
  A water moccasin (D:8)
  2 ice beasts
  7 orc warriors
  A sky beast (D:9)
  2 necrophages (D:8)
  A black bear (D:9)
  3 ogres
  A phantom (D:8)
  4 centaurs
  A crocodile (D:9)
  4 giant frogs
  A scorpion (D:7)
  7 howler monkeys
  4 crimson imps
  A giant frog zombie (D:5)
  6 hounds
  6 orc priests
  3 jellies
  14 orc wizards
  Crazy Yiuf (D:2)
  A centaur skeleton (D:4)
  A giant frog skeleton (D:9)
  6 worker ants
  2 hound skeletons
  8 mummies (Ossuary)
  16 adders
  A howler monkey skeleton (D:9)
  4 river rats (Sewer)
  2 shadow imps (D:7)
  2 oozes
  2 adder zombies
  A worm (D:3)
  2 dart slugs (D:2)
  5 giant geckos
  32 orcs
  2 ball pythons
  7 giant cockroaches
  8 goblins
  10 hobgoblins
  3 jackals (D:3)
  14 kobolds
  9 quokkas
  6 bats
  6 giant newts
  4 hobgoblin zombies (Ossuary)
  3 kobold zombies (Ossuary)
  An orc zombie (Ossuary)
  16 rats
  A fungus (D:2)
263 creatures vanquished.

Vanquished Creatures (others)
  An ice dragon (D:8)
1 creature vanquished.

Grand Total: 264 creatures vanquished

Action                   |  1- 3 |  4- 6 |  7- 9 | 10-12 || total
-------------------------+-------+-------+-------+-------++-------
Melee: Quarterstaff      |    22 |    41 |   130 |   143 ||   336
       Dagger            |    72 |   199 |   306 |    90 ||   667
 Fire: Blowgun           |       |    12 |   102 |   124 ||   238
Throw: Throwing net      |     2 |     8 |       |       ||    10
 Cast: Cure Poison       |       |       |     1 |       ||     1
Invok: Heroism           |       |       |     2 |     5 ||     7
Evoke: Wand              |       |    12 |     8 |       ||    20
  Use: Scroll            |       |     7 |     5 |       ||    12
       Potion            |       |     1 |     7 |     1 ||     9
 Stab: Held in net/web   |     1 |     5 |       |       ||     6
       Sleeping          |     2 |     2 |     3 |       ||     7
       Paralysed         |       |       |    14 |       ||    14
       Petrifying        |       |       |       |     4 ||     4
       Invisible         |       |       |       |     2 ||     2
  Eat: Bread ration      |       |     1 |     1 |     1 ||     3

Vault maps used:
D:1:      dpeg_arrival_renting
D:2:      forest_paths, uniq_crazy_yiuf_cottage
D:3:      vehumet_crystals, grunt_temple_overflow_open, lemuel_round_altar,
          first_bread, nicolae_ru_awakened_eye
D:4:      temple_fountains, nicolae_ossuary_entry_plus, gup_sewer_entry_bowl
D:5:      kennysheep_mini, serial_shops,
          nicolae_shop_temple_entry_statues_fountains, led_sif_pool,
          uniq_prince_ribbit1
D:6:      uniq_edmund
D:7:      kennysheep_orc_sif_temple, old_standard_altar, the_bakery,
          lemuel_angel_altar
D:8:      gammafunk_pakellas_cloud_experiment, gammafunk_temple_overflow_wave,
          st_stairs_13, bloody_makhleb
D:9:      erik_orc_4, uniq_erica
D:10:     uniq_harold
Temple:   eino_wide_crystal_templ_10
Sewer:    sewer_minmay_treatment
Ossuary:  ossuary_tomb_3
